 Dungeon Crawl Stone Soup version 0.20.1-1-g8b1a95d (webtiles) character file.

28 RageMage the Conjurer (level 3, -4/26 HPs)
             Began as a Draconian Conjurer on Oct 24, 2017.
             Killed from afar by Natasha (7 damage)
             ... with a magic dart
             ... on level 2 of the Dungeon.
             The game lasted 00:09:38 (920 turns).

RageMage the Conjurer (Draconian Conjurer)           Turns: 920, Time: 00:09:38

Health: -4/26      AC:  7    Str:  9 (10) XL:     3   Next: 0%
Magic:  0/6        EV: 12    Int: 14 (16) God:
Gold:   22         SH:  0    Dex: 11 (13) Spells: 5/6 levels left

rFire    . . .     SeeInvis .   f - +0 club
rCold    . . .     Gourm    .   (no shield)
rNeg     . . .     Faith    .   (armour unavailable)
rPois    .         Spirit   .   (helmet restricted)
rElec    .         Reflect  .   (no cloak)
rCorr    .         Harm     .   (no gloves)
MR       .....                  (no boots)
Stlth    ++........             (no amulet)
Regen    0.1/turn               e - +2 ring of dexterity
MPRegen  0.1/turn               (no ring)

@: no status effects
A: unfitting armour, talons 1, shaggy fur 2, cold-blooded, MP-powered wands, AC
+5
a: no special abilities


You were on level 2 of the Dungeon.
You were hungry.

You visited 1 branch of the dungeon, and saw 2 of its levels.

You collected 22 gold pieces.

Inventory:

Hand Weapons
 f - a +0 club (weapon)
Jewellery
 e - a +2 ring of dexterity (left hand)
Scrolls
 d - a scroll of identify {unknown}
Books
 a - a book of Conjurations

   Spells                             Type                      Level
   a - Magic Dart                     Conjuration                  1
   b - Searing Ray                    Conjuration                  2
   c - Dazzling Spray                 Conjuration/Hexes            3
   d - Fulminant Prism                Conjuration/Hexes            4
   e - Force Lance                    Conjuration/Translocation    4
   f - Iskenderun's Mystic Blast      Conjuration                  4
Comestibles
 b - a bread ration
 j - 2 meat rations


   Skills:
 + Level 0.4 Maces & Flails
 + Level 1.9 Dodging
 + Level 1.7 Stealth
 + Level 2.1 Spellcasting
 + Level 4.7 Conjurations


You had 5 spell levels left.
You knew the following spells:

 Your Spells              Type           Power        Failure   Level  Hunger
a - Magic Dart            Conj           ##..         3%          1    ##.....


Dungeon Overview and Level Annotations

Branches:
Dungeon (2/15)

Altars:
Trog

Annotations:
D:2 Natasha


Innate Abilities, Weirdness & Mutations

Your plain brown scales are hard. (AC +5)
You cannot fit into any form of body armour.
You are cold-blooded and may be slowed by cold attacks.
You have sharp toenails.
You are covered in thick fur. (AC +2)
You expend magic power (3 MP) to strengthen your wands.


Message History

Aiming: Magic Dart
Press: ? - help, Shift-Dir - straight line, f - Natasha, p - hobgoblin
Aim: Natasha The magic dart hits Natasha.
The ball python bites you but does no damage.
The ball python constricts you. The hobgoblin closely misses you.
The frilled lizard barely misses you. Natasha claws you.
* * * LOW HITPOINT WARNING * * *
Casting: Magic Dart
Confirm with . or Enter, or press ? or * to list all spells.
You don't have enough magic to cast that spell.
You escape the ball python's grasp.
The ball python bites you but does no damage.
The ball python misses you.
Natasha mumbles some strange words.
Natasha glows brightly for a moment.
Natasha barely misses you. Natasha casts a spell at you.
The magic dart hits you!
You die...

##### #...# #...#
#...# #.# #
#...#####.#
#.##......##.#####
#....@....+......#
####gSh5..##.....#
#.l....##.....#####
#.......#.....##...
##......5.......5..
#.......####.####.
#.......# ..... #.
#.......#.g.....#.
#.......#.......#.


You could see Natasha, a white imp, a shadow imp, a hobgoblin, a ball python and
a frilled lizard.

Vanquished Creatures
  An adder (D:2)
  A leopard gecko (D:1)
  3 bats
  2 giant cockroaches (D:1)
  3 hobgoblins
  A kobold (D:2)
  A ball python (D:1)
  2 goblins (D:1)
  4 rats (D:1)
18 creatures vanquished.

Notes
Turn   | Place    | Note
-------+----------+-------------------------------------------
     0 | D:1      | RageMage the Draconian Conjurer began the quest for the Orb.
     0 | D:1      | Reached XP level 1. HP: 14/14 MP: 3/3
   246 | D:1      | Reached XP level 2. HP: 16/20 MP: 1/5
   838 | D:2      | Reached XP level 3. HP: 23/26 MP: 1/6
   855 | D:2      | Noticed Natasha
   873 | D:2      | Gained mutation: You expend magic power (3 MP) to strengthen your wands. [potion of mutation]
   873 | D:2      | Gained mutation: You are covered in fur. (AC +1) [potion of mutation]
   873 | D:2      | Gained mutation: You have sharp toenails. [potion of mutation]
   873 | D:2      | Gained mutation: You are covered in thick fur. (AC +2) [potion of mutation]
   901 | D:2      | Found a bloodstained altar of Trog.
   920 | D:2      | Killed from afar by Natasha

Action                   || total
-------------------------++-------
Melee: Club              ||    24
       Tailslap          ||     3
 Cast: Magic Dart        ||    38
  Use: Potion            ||     4
       Scroll            ||     1
 Stab: Sleeping          ||     1
Armor: Skin              ||    19
Dodge: Dodged            ||    38
